 Dungeon Crawl Stone Soup version 0.25-a0-975-gcae8493d64 (webtiles) character file.

Game seed: 11358334649926839522, levelgen mode: deterministic

87 Flugslaktarn the Covered (level 4, -5/42 HPs)
             Began as a Deep Dwarf Fighter on May 10, 2020.
             Was an Initiate of Makhleb.
             Slain by an ogre
             ... wielding a +0 giant club
              (18 damage)
             ... on level 4 of the Dungeon.
             The game lasted 00:00:32 (620 turns).

Flugslaktarn the Covered (Deep Dwarf Fighter)        Turns: 620, Time: 00:00:33

Health: -5/42      AC:  9    Str: 20    XL:     4   Next: 28%
Magic:  3/3        EV:  5    Int:  8    God:    Makhleb [......]
Gold:   81         SH:  9    Dex: 13    Spells: 3/3 levels left

rFire    . . .     SeeInvis .   a - +0 war axe
rCold    . . .     Gourm    .   c - +0 kite shield
rNeg     . . .     Faith    .   m - +0 chain mail
rPois    .         Spirit   .   (no helmet)
rElec    .         Reflect  .   (no cloak)
rCorr    .         Harm     .   (no gloves)
MR       .....                  (no boots)
Stlth    ..........             (no amulet)
HPRegen  0.00/turn              (no ring)
MPRegen  0.08/turn              (no ring)

@: non-regenerating
A: damage resistance, heal wounds, sense surroundings 1, no regeneration
a: Heal Wounds, Renounce Religion


You were on level 4 of the Dungeon.
You worshipped Makhleb.
Makhleb was noncommittal.
You were not hungry.

You visited 1 branch of the dungeon, and saw 4 of its levels.

You collected 81 gold pieces.

Inventory:

Hand Weapons
 a - a +0 war axe (weapon)
Armour
 c - a +0 kite shield (worn)
 m - a +0 chain mail (worn)
   (You found it on level 3 of the Dungeon)
Scrolls
 h - 2 scrolls of magic mapping {unknown}
 i - a scroll of immolation {unknown}
 j - a scroll of teleportation {unknown}
Potions
 d - a potion of might
 f - a potion of magic {unknown}
 k - a potion of lignification {unknown}
 l - a potion of curing {unknown}
Comestibles
 e - 6 rations
 g - 4 chunks of flesh


   Skills:
 + Level 3.1 Fighting
 * Level 3.5 Axes
 + Level 3.8 Armour
 + Level 3.8 Shields
 + Level 0.8 Invocations


You had 3 spell levels left.
You didn't know any spells.
Your spell library was empty.

Dungeon Overview and Level Annotations

Branches:
Dungeon (4/15)
 Temple: D:4-7

Altars:
Makhleb
Zin


Innate Abilities, Weirdness & Mutations

You are resistant to damage.
You can heal yourself by infusing magical energy.
You passively map a small area around you.
You do not regenerate.


Message History

You hit the ogre.
The ogre is lightly wounded.
The ogre hits you with a +0 giant club!!
The ogre hits you with a +0 giant club.
You completely miss the ogre.
The ogre is lightly wounded.
The ogre closely misses you.
You slash the ogre!
The ogre is moderately wounded.
The ogre barely misses you.
Your shield and chain mail prevent you from hitting the ogre.
The ogre is moderately wounded.
The ogre hits you with a +0 giant club!
You slash the ogre!
The ogre is severely wounded.
The ogre hits you with a +0 giant club!
You barely miss the ogre.
The ogre is severely wounded.
The ogre hits you with a +0 giant club!!
You die...

, ...., , *
#..## , *
##...# ,
##....## ,
**##....[.# * *
##.......##
...#.........#
.......<.@O..#*
,
..............#
, *
#..........#..#
, #.........##
..# *
##......### .#
* #....### *,.#
##... #* #...
,, , *


You could see an ogre.

Vanquished Creatures
  A hound (D:2)
  An orc wizard (D:3)
  A dart slug (D:3)
  4 orcs (D:3)
  A giant cockroach (D:1)
  A goblin (D:2)
  4 hobgoblins
  2 jackals (D:1)
  6 kobolds
21 creatures vanquished.

Notes
Turn   | Place    | Note
-------+----------+-------------------------------------------
     0 | D:1      | Flugslaktarn the Deep Dwarf Fighter began the quest for the
                  | Orb.
     0 | D:1      | Reached XP level 1. HP: 20/20 MP: 1/1
   170 | D:2      | Noticed a hound
   176 | D:2      | Killed a hound
   176 | D:2      | Reached XP level 2. HP: 26/28 MP: 2/2
   176 | D:2      | Reached XP level 3. HP: 32/34 MP: 3/3
   203 | D:2      | Found a glowing silver altar of Zin.
   219 | D:2      | Found a burning altar of Makhleb.
   219 | D:2      | Noticed an Executioner
   236 | D:2      | Noticed a smoke demon
   236 | D:2      | Noticed a ynoxinul
   238 | D:2      | Became a worshipper of Makhleb the Destroyer
   365 | D:3      | Reached XP level 4. HP: 26/42 MP: 4/4
   612 | D:4      | Noticed an ogre
   620 | D:4      | Slain by an ogre

Illustrated notes

Levels and vault maps discovered:
D:1:      scummos_arrival_hexagon, layout_loops_cross
D:2:      layout_loops_ring, makhleb_altar_promises_db,
          overflow_temple_1_default
D:3:      layout_basic
D:4:      layout_cave_pods, nicolae_overflow_hidden_temple,
          chequers_temple_overflow_minitemple, minmay_temple_entry_grid,
          first_ration

Skill      XL: |  1 |
---------------+----+-----
Fighting       | 3 |  3.1
Axes           | 3 |  3.5
Armour         | |  3.8
Shields        | |  3.8
Invocations    | |  0.8

Action                   |  1- 3 |  4- 6 || total
-------------------------+-------+-------++-------
Melee: War axe           |    52 |    14 ||    66
 Abil: Heal Wounds       |       |     1 ||     1
Armor: Scale mail        |    31 |       ||    31
       Chain mail        |       |     5 ||     5
Dodge: Dodged            |    14 |     2 ||    16
Block: Kite shield       |    41 |     3 ||    44

Table legend:
 A = Non-vault XP
 B = Vault XP
 C = Vault XP percentage of total XP
 D = Non-vault monster count
 E = Vault monster count
 F = Vault count percentage of total count
                 A         B        C        D         E       F
            +---------+---------+-------+---------+---------+-------
      Total |     125 |       0 |   0.0 |      21 |       0 |   0.0
            +---------+---------+-------+---------+---------+-------
        D:1 |      10 |       0 |   0.0 |       5 |       0 |   0.0
        D:2 |      50 |       0 |   0.0 |       6 |       0 |   0.0
        D:3 |      65 |       0 |   0.0 |      10 |       0 |   0.0
            +---------+---------+-------+---------+---------+-------
